 Dungeon Crawl Stone Soup version 0.26.1-11-gd32895ea62 (webtiles) character file.

Game seed: 5105727998691253052

149 Zeld the Digger (level 5, 0/28 HPs)
             Began as a Gargoyle Earth Elementalist on June 7, 2021.
             Slain by an orc wizard
             ... wielding a +0 dagger
              (2 damage)
             ... on level 4 of the Dungeon.
             The game lasted 00:04:39 (4303 turns).

Zeld the Digger (Gargoyle Earth Elementalist)       Turns: 4303, Time: 00:04:39

Health: 0/28       AC:  6    Str: 12    XL:     5   Next: 31%
Magic:  3/9        EV: 12    Int: 16    God:
Gold:   144        SH:  0    Dex: 10    Spells: 3/9 levels left

rFire    . . .     SeeInvis .   (no weapon)
rCold    . . .     Faith    .   (no shield)
rNeg     + . .     Spirit   .   c - +0 robe
rPois    ∞         Reflect  .   (no helmet)
rElec    +         Harm     .   (no cloak)
rCorr    .         Rampage  .   (no gloves)
Will     .....                  (no boots)
Stlth    ++........             (no amulet)
HPRegen  0.09/turn              (no ring)
MPRegen  0.11/turn              (no ring)

@: no status effects
A: negative energy resistance 1, electricity resistance, unbreathing,
petrification resistance, miasma immunity, AC +4
a: no special abilities


You were on level 4 of the Dungeon.
You visited 1 branch of the dungeon, and saw 4 of its levels.

You collected 144 gold pieces.

Inventory:

Armour
 c - a +0 robe (worn)
Jewellery
 i - an uncursed ring of stealth {unknown}
 k - an uncursed ring of poison resistance {unknown}
Scrolls
 a - 2 scrolls of remove curse {unknown}
 e - 5 scrolls of identify {unknown}
 f - 2 scrolls of fog {unknown}
 g - a scroll of enchant weapon {unknown}
 j - 2 scrolls of enchant armour {unknown}
Potions
 b - a potion of might {unknown}
 d - a potion of ambrosia {unknown}
 h - 2 potions of curing
 l - a potion of magic {unknown}
 m - a potion of berserk rage {unknown}
 n - a potion of brilliance {unknown}


   Skills:
 + Level 2.5 Dodging
 - Level 2.1 Stealth
 + Level 2.9 Spellcasting
 - Level 0.7 Transmutations
 * Level 5.6 Earth Magic


You had 3 spell levels left.
You knew the following spells:

 Your Spells              Type           Power        Failure   Level
a - Sandblast             Erth           40%          1%          1
b - Passwall              Tmut/Erth      10%          8%          2
c - Stone Arrow           Conj/Erth      22%          19%         3

Your spell library contained the following spells:

 Spells                   Type           Power        Failure   Level
 Petrify                  Tmut/Erth      12%          45%         4
 Lee's Rapid Deconstruct  Erth           10%          45%         5


Dungeon Overview and Level Annotations

Branches:
Dungeon (3/15)

Altars:
Dithmenos
Hepliaklqana
Kikubaaqudgha
Trog
Zin

Annotations:
D:4 Dowan, Edmund


Innate Abilities, Weirdness & Mutations

You are resistant to torment.
Your stone body is resilient. (AC +4)
You are immune to poison.
You resist negative energy. (rN+)
You are resistant to electric shocks. (rElec)
You can survive without breathing.
You are immune to petrification.
You are immune to miasma.


Message History

You hit Edmund.
Edmund is almost dead.
The orc wizard hits you but does no damage.
The orc hits you but does no damage.
The leopard gecko bites you but does no damage.
Edmund drinks a potion.
Edmund is healed!
You barely miss Edmund.
Edmund is severely wounded.
The orc wizard hits you but does no damage.
The leopard gecko bites you but does no damage.
The orc hits you but does no damage.
The orc wizard hits you but does no damage.
Edmund zaps a wand.
You resist with some effort.
You hit Edmund but do no damage.
Edmund is severely wounded.
You feel less wooden.
Your +0 robe unmelds from your body.
The leopard gecko bites you but does no damage.
The orc wizard hits you with a +0 dagger.
You die...

#......#######.
#......#
####......#
#......####
#......#
#......#
#o.....#
#lo....#
#@@J...#
#.o....#
#......#
########


You could see Edmund, an orc wizard (fast), an ooze, 2 orcs and a leopard gecko.

Vanquished Creatures
  A scorpion (D:3)
  3 adders
  2 worms
  5 dart slugs
  3 leopard geckos
  An orc (D:4)
  3 giant cockroaches
  2 goblins
  10 hobgoblins
  4 jackals
  4 kobolds
  7 bats (D:1)
  4 frilled lizards
  8 rats
57 creatures vanquished.

Notes
Turn   | Place    | Note
-------+----------+-------------------------------------------
     0 | D:1      | Zeld the Gargoyle Earth Elementalist began the quest for
                  | the Orb.
     0 | D:1      | Reached XP level 1. HP: 10/10 MP: 3/3
   181 | D:1      | Reached skill level 4 in Earth Magic
   181 | D:1      | Reached XP level 2. HP: 14/15 MP: 0/5
   184 | D:1      | Learned a level 2 spell: Passwall
  1000 | D:1      | Reached XP level 3. HP: 19/19 MP: 3/6
  1004 | D:1      | Learned a level 3 spell: Stone Arrow
  2017 | D:2      | Found a glowing silver altar of Zin.
  2017 | D:2      | Found an ancient bone altar of Kikubaaqudgha.
  2025 | D:2      | Found a bloodstained altar of Trog.
  2027 | D:2      | Found a shadowy altar of Dithmenos.
  2029 | D:2      | Found a hazy altar of Hepliaklqana.
  2316 | D:3      | Reached XP level 4. HP: 24/24 MP: 0/7
  2575 | D:3      | Found a faded altar of an unknown god.
  2754 | D:3      | Reached skill level 5 in Earth Magic
  2832 | D:3      | Reached XP level 5. HP: 28/28 MP: 5/9
  4016 | D:3      | You fall into a shaft and drop 1 floor!
  4220 | D:4      | Noticed Dowan
  4281 | D:4      | Noticed Edmund
  4303 | D:4      | Slain by an orc wizard

Illustrated notes

Levels and vault maps discovered:
D:1:      ncdulo_halloftheorcs, layout_loops_corners
D:2:      layout_loops_ring, chequers_temple_overflow_minitemple
D:3:      layout_basic, chequers_ecumenical_altar_island
D:4:      layout_rooms, kennysheep_generic_room_9, uniq_duvessa, uniq_edmund,
          uniq_grinder, uniq_natasha

Skill      XL: |  1  2  3  4 |
---------------+-------------+-----
Earth Magic    | 4 5 |  5.6
Dodging        | 2 |  2.5
Stealth        | |  2.1
Spellcasting   | |  2.9
Transmutations | |  0.7

Action                   |  1- 3 |  4- 6 || total
-------------------------+-------+-------++-------
Melee: Unarmed           |     4 |    32 ||    36
 Cast: Sandblast         |    52 |    31 ||    83
       Stone Arrow       |       |     8 ||     8
       Passwall          |       |     1 ||     1
 Stab: Sleeping          |     1 |       ||     1
Armor: Robe              |     5 |    14 ||    19
       Skin              |       |    41 ||    41
Dodge: Dodged            |    11 |    52 ||    63
